 Dungeon Crawl Stone Soup version 0.10.2-40-g36e0077 character file.

187 Tehcarp the Insei (level 3, -3/23 HPs)
             Began as an Octopode Transmuter on Aug 31, 2012.
             Slain by an orc
             ... wielding a -1,+0 orcish falchion
              (8 damage)
             ... on Level 3 of the Dungeon.
             The game lasted 00:16:05 (2341 turns).

Tehcarp the Insei (Octopode Transmuter)             Turns: 2341, Time: 00:16:05

HP  -3/23        AC  1     Str  9      XL: 3   Next: 81%
MP   5/5         EV 12     Int 15      God:
Gold 136         SH  0     Dex 13      Spells:  2 memorised,  4 levels left

Res.Fire  : . . .   See Invis. : .     - Unarmed
Res.Cold  : . . .   Warding    : . . (no shield)
Life Prot.: . . .   Conserve   : .   (helmet restricted)
Res.Acid. : . . .   Res.Corr.  : .   (no amulet)
Res.Poison: .       Clarity    : .   (no ring)
Res.Elec. : .       Spirit.Shd : .   (no ring)
Sust.Abil.: . .     Stasis     : .   (no ring)
Res.Mut.  : .       Ctrl.Telep.: .   (no ring)
Res.Rott. : .       Levitation : .   (no ring)
Saprovore : . . .   Ctrl.Flight: .   (no ring)
                                     (no ring)
                                     (no ring)

@: invisible, not resistant to hostile enchantments, quite stealthy
A: almost no armour, amphibious, constrict 8, camouflage 1, tentacles 3, AC +1
a: no special abilities


You were on level 3 of the Dungeon.
You were hungry.

You visited 1 branch of the dungeon, and saw 3 of its levels.

You collected 116 gold pieces.

Inventory:

Missiles
 b - 12 +0 arrows
 e - 11 +3 arrows
 h - 45 +0 darts (quivered)
 k - 19 +0 darts of dispersal
Comestibles
 a - a bread ration
 j - a meat ration
 l - a pear
 q - an apple
Scrolls
 c - 2 scrolls of enchant weapon I {unknown}
 f - 2 scrolls of curse weapon {unknown}
 g - a scroll of blinking {unknown}
 i - a scroll of identify {unknown}
 n - a scroll of magic mapping {unknown}
 o - 2 scrolls of remove curse {unknown}
Jewellery
 m - a +4 ring of strength {unknown}
Books
 d - a book of Changes

   Spells                             Type                      Level
   *Beastly Appendage                 Transmutation                1
   *Sticks to Snakes                  Transmutation                2
   Spider Form                        Transmutation/Poison         3
   Ice Form                           Ice/Transmutation            4
   Blade Hands                        Transmutation                5


   Skills:
 - Level 1,0 Fighting
 - Level 2,0 Dodging
 * Level 3,0 Stealth
 - Level 4,2 Unarmed Combat
 + Level 2,9 Spellcasting
 - Level 2,0 Transmutations


You had 4 spell levels left.
You knew the following spells:

 Your Spells              Type           Power        Failure   Level  Hunger
a - Beastly Appendage     Trmt           ##.....      12%         1    Sultana
b - Sticks to Snakes      Trmt           ##........   14%         2    Choko

Dungeon Overview and Level Annotations

Branches:
Dungeon (3/27)

Altars:


Innate Abilities, Weirdness & Mutations

You cannot wear most types of armour.
You can wear up to eight rings at the same time.
You are amphibious.
You can use your tentacles to constrict many enemies at once.
Your rubbery body absorbs attacks (AC +1).
Your skin changes colour to match your surroundings (Stlth).
You have a mass of large tentacles instead of arms.


Message History

The orc hits you with an orcish hand axe.
The orc hits you but does no damage.
You barely miss the orc. You squeeze the orc!
The orc is severely wounded.
The orc hits you with an orcish hand axe.
The orc hits you with an orcish falchion!
* * * LOW HITPOINT WARNING * * *
Your transformation is almost over.
You are feeling hungry.
Your horns disappear.
Drink which item? (? for menu, Esc to quit)
Okay, then.
You hit the orc.
You kill the orc!
Found a scroll labeled KEVIAN BAAW.
Drink which item? (? for menu, Esc to quit)
You fade into invisibility!
It was a potion of invisibility.
The orc hits you with an orcish falchion!
You die...

#.###########.########
#. ........<..........
## ##########)########
#.# # #o# ... #o# ....
#.# .....
#.####.......
#..o@........
#...##?...... #...#
..... ##### ####


You could see an orc.

Vanquished Creatures
  3 giant geckos
  An ooze (D:2)
  2 orcs (D:3)
  A ball python (D:1)
  8 bats
  7 goblins
  5 hobgoblins
  7 giant newts
  5 kobolds
  3 rats
  A plant (D:1)
43 creatures vanquished.

Vanquished Creatures (others)
  3 toadstools (D:1)
3 creatures vanquished.

Grand Total: 46 creatures vanquished

Notes
Turn   | Place    | Note
--------------------------------------------------------------
     0 | D:1      | Tehcarp, the Octopode Transmuter, began the quest for the Orb.
     0 | D:1      | Reached XP level 1. HP: 13/13 MP: 1/1
   206 | D:1      | Reached XP level 2. HP: 18/18 MP: 0/3
   247 | D:1      | Learned a level 2 spell: Sticks to Snakes
   721 | D:1      | Reached skill level 4 in Unarmed Combat
  1007 | D:1      | Reached skill level 1 in Stealth
  1038 | D:1      | Reached XP level 3. HP: 23/23 MP: 4/4
  2341 | D:3      | Slain by an orc
